 Dungeon Crawl Stone Soup version 0.26-a0-663-g36e8fdb655 (webtiles) character file.

Game seed: 3219974314309740476

734 offbeat the Cudgeler (level 7, -1/61 HPs)
             Began as a Hill Orc Monk on Oct 11, 2020.
             Was a Believer of Ashenzari.
             Slain by Menkaure (18 damage)
             ... on level 4 of the Dungeon.
             The game lasted 00:22:38 (4674 turns).

offbeat the Cudgeler (Hill Orc Monk)                Turns: 4674, Time: 00:22:39

Health: -1/61      AC:  7    Str: 16    XL:     7   Next: 74%
Magic:  7/7        EV: 12    Int: 10    God:    Ashenzari [**....]
Gold:   168        SH:  0    Dex: 13    Spells: 6/6 levels left

rFire    . . .     SeeInvis .   e - +2 whip (elec)
rCold    . . .     Faith    .   (no shield)
rNeg     . . .     Spirit   .   l - +0 ring mail (curse)
rPois    .         Reflect  .   (no helmet)
rElec    .         Harm     .   (no cloak)
rCorr    .         Rampage  .   (no gloves)
MR       .....                  m - +0 pair of boots
Stlth    +.........             q - amulet of magic regeneration
HPRegen  0.20/turn              (no ring)
MPRegen  0.35/turn              (no ring)

@: stab, flying
A: no striking features
a: Curse Item, Scrying, Renounce Religion


You were on level 4 of the Dungeon.
You worshipped Ashenzari.
Ashenzari was pleased with you.
You visited 1 branch of the dungeon, and saw 4 of its levels.

You collected 168 gold pieces.

Inventory:

Hand Weapons
 a - a +0 hand axe
 c - a +0 dagger
 e - a +2 whip of electrocution (weapon)
Missiles
 r - 5 boomerangs (quivered)
Armour
 l - a cursed +0 ring mail (worn)
 m - a +0 pair of boots (worn)
Jewellery
 q - an amulet of magic regeneration (around neck)
Scrolls
 d - a scroll of teleportation
 f - 3 scrolls of identify {unknown}
 g - a scroll of noise {unknown}
 h - 2 scrolls of remove curse
 j - a scroll of immolation {unknown}
 k - a scroll of fear
 n - a scroll of amnesia {unknown}
 p - a scroll of blinking {unknown}
 s - a scroll of enchant weapon {unknown}


   Skills:
 + Level 5.0 Fighting
 - Level 5.1(7.0) Axes
 * Level 6.0(6.7) Maces & Flails
 + Level 3.8 Armour
 + Level 3.3 Dodging
 - Level 1.5 Stealth


You had 6 spell levels left.
You didn't know any spells.
Your spell library was empty.

Dungeon Overview and Level Annotations

Branches:
Dungeon (4/15)
 Temple: D:4-7

Altars:
Ashenzari
Fedhas

Annotations:
D:4 Menkaure


Message History

The jackal closely misses you.
You whack the jackal! Lightning courses through the jackal!!
You kill the jackal!
The jackal barely misses you. Menkaure breathes soot at you.
The jackal bites you but does no damage.
You hit the jackal.
You kill the jackal!
Menkaure calls on the powers of darkness!
Your body is wracked with pain!
* * * LOW HITPOINT WARNING * * *
The hound convulses!
The jackal convulses!
The hound bites you.
* * * LOW HITPOINT WARNING * * *
It was a potion of flight.
You feel very buoyant.
You fly up into the air.
The hound bites you but does no damage.
It was a potion of stabbing.
You feel ready to backstab. The hound completely misses you.
Menkaure hits you!!
You die...

********* #.......# #.......#
#.......# #.......# ######
********* #.......########....#
*,,,,,,,* #.......##........<##
*,,,,,,,*##..........#####.###
*,,,,,,,*#.).M@....### ##†.# ##
*,,,.........hh...######..## #.
*,,,<...###.......# #....## ##
*,,,...,**#######.###.####
###...(.....,,**###..#..# #####
###.......##*,,,..##...######....
############***##..##.........###
############ *,,....#.###.......#
############ ***#................


You could see Menkaure, a hound and a jackal.

Vanquished Creatures
  Sigmund (D:4)
  A phantom (D:4)
  2 ogres (D:4)
  A scorpion (D:4)
  An orc priest (D:3)
  An orc wizard (D:4)
  2 worker ants (D:4)
  A gnoll (D:1)
  6 adders
  An adder skeleton (D:4)
  4 worms
  6 dart slugs
  2 leopard geckos
  6 orcs
  9 bats
  4 giant cockroaches
  12 goblins
  14 hobgoblins
  4 jackals
  A quokka (D:2)
  4 frilled lizards
  7 kobolds
  11 rats
101 creatures vanquished.

Notes
Turn   | Place    | Note
-------+----------+-------------------------------------------
     0 | D:1      | offbeat the Hill Orc Monk began the quest for the Orb.
     0 | D:1      | Reached XP level 1. HP: 19/19 MP: 1/1
   164 | D:1      | Reached XP level 2. HP: 25/27 MP: 2/2
   533 | D:1      | Reached XP level 3. HP: 8/33 MP: 3/3
   771 | D:1      | Reached skill level 5 in Axes
  1045 | D:1      | Found a broken altar of Ashenzari.
  1192 | D:1      | Became a worshipper of Ashenzari the Shackled
  1192 | D:1      | Reached * piety under Ashenzari
  1192 | D:1      | Reached ** piety under Ashenzari
  1709 | D:2      | Reached XP level 4. HP: 38/40 MP: 4/4
  1878 | D:2      | Reached skill level 1 in Maces & Flails
  2440 | D:3      | Reached skill level 2 in Maces & Flails
  2481 | D:3      | Found a blossoming altar of Fedhas.
  2550 | D:3      | Reached XP level 5. HP: 43/47 MP: 5/5
  2706 | D:3      | Reached skill level 1 in Armour
  2723 | D:3      | Reached skill level 3 in Maces & Flails
  3576 | D:4      | Reached XP level 6. HP: 53/53 MP: 6/6
  3696 | D:4      | Reached skill level 4 in Maces & Flails
  3832 | D:4      | Reached skill level 5 in Maces & Flails
  3832 | D:4      | Reached XP level 7. HP: 22/60 MP: 7/7
  4116 | D:4      | Noticed Sigmund
  4348 | D:4      | Killed Sigmund
  4602 | D:4      | Reached skill level 5 in Fighting
  4602 | D:4      | Reached skill level 6 in Maces & Flails
  4660 | D:4      | Noticed Menkaure
  4674 | D:4      | Slain by Menkaure

Illustrated notes

Levels and vault maps discovered:
D:1:      minmay_arrival_semitransparent, layout_rooms,
          nicolae_ashenzari_panopticon
D:2:      minmay_door_path, layout_loops_ring
D:3:      layout_basic, fedhas_altar_2
D:4:      layout_rooms, sigmund_army, uniq_menkaure

Skill      XL: |  1  2  3  4  5  6  7 |
---------------+----------------------+-----
Fighting       | 4 5 |  5.0
Axes           | 5 |  5.1
Maces & Flails | 2 3 5 6 |  6.0
Dodging        | 3 |  3.3
Armour         | 1 2 3 |  3.8
Stealth        | |  1.5

Action                   |  1- 3 |  4- 6 |  7- 9 || total
-------------------------+-------+-------+-------++-------
Melee: Hand axe          |    82 |       |       ||    82
       Whip              |    26 |   188 |    27 ||   241
Invok: Scrying           |       |     1 |     1 ||     2
  Use: Scroll            |     1 |       |     2 ||     3
       Potion            |       |       |     2 ||     2
 Stab: Sleeping          |     3 |     2 |       ||     5
Armor: Robe              |    29 |       |       ||    29
       Ring mail         |       |    49 |     9 ||    58
       Leather armour    |       |     7 |       ||     7
Dodge: Dodged            |   111 |    91 |    23 ||   225

Table legend: (Time is in decaauts)
 A = Elapsed time spent in this place.
 B = Non-inter-level travel time spent in this place.
 C = Inter-level travel time spent in this place.
 D = Time resting spent in this place.
 E = Time spent auto-exploring this place.
 F = Levels seen in this place.
 G = Mean time per level.
                   A        B        C        D        E       F      G
               +--------+--------+--------+--------+--------+-----+--------+
         Total |   4660 |   4571 |     89 |      0 |   2830 |   4 | 1165.0 |
       Dungeon |   4660 |   4571 |     89 |      0 |   2830 |   4 | 1165.0 |
               +--------+--------+--------+--------+--------+-----+--------+

Top non-repeatable levels by time:
     D:1: 1284 daAuts
     D:2: 1144 daAuts
     D:4: 1117 daAuts
     D:3: 1114 daAuts
